 Dungeon Crawl Stone Soup version 0.30-a0-377-g5cb311bc9f (webtiles) character file.

Game seed: 14360968517098424703

2072 KennySheep the Skirmisher (level 8, -3/60 HPs)
             Began as a Demigod Hunter on Nov 29, 2022.
             Slain by an orc warrior
             ... wielding a +0 long sword
              (15 damage)
             ... on level 6 of the Dungeon.
             The game lasted 00:12:28 (6207 turns).

KennySheep the Skirmisher (Demigod Hunter)          Turns: 6207, Time: 00:12:28

Health: -3/60      AC:  4    Str: 12    XL:     8   Next: 77%
Magic:  10/10      EV: 17    Int: 11    God:
Gold:   325        SH:  0    Dex: 25    Spells: 7/7 levels left

rFire   . . .      SeeInvis .    a - +0 shortbow
rCold   . . .      Faith    .    (shield currently unavailable)
rNeg    . . .      Spirit   .    c - +1 leather armour
rPois   .          Reflect  .    (no helmet)
rElec   .          Harm     .    (no cloak)
rCorr   .          Rampage  .    (no gloves)
Will    .....                    (no boots)
Stlth   ++........               (no amulet)
HPRegen 0.30/turn                (no ring)
MPRegen 0.12/turn                (no ring)

@: about to teleport
A: high MP 1, forlorn, divine attributes
a: no special abilities


You were on level 6 of the Dungeon.
You visited 1 branch of the dungeon, and saw 6 of its levels.

You collected 325 gold pieces.

Inventory:

Hand Weapons
 a - a +0 shortbow (weapon)
Armour
 c - a +1 leather armour (worn)
Jewellery
 l - a ring of willpower
 r - a ring of protection from fire
Wands
 t - a wand of flame (12)
 u - a wand of digging (8)
 x - a wand of roots (6)
 A - a wand of quicksilver (13)
Scrolls
 b - 5 scrolls of immolation
 d - 2 scrolls of silence
 e - a scroll of vulnerability
 f - 2 scrolls of amnesia
 g - 2 scrolls of enchant armour
 h - 4 scrolls of teleportation
 j - 3 scrolls of identify
 m - a scroll of fog
 o - 2 scrolls of enchant weapon
 p - a scroll of poison
 v - a scroll of torment {unknown}
 y - a scroll of summoning {unknown}
Potions
 i - a potion of degeneration
 k - a potion of brilliance
 n - a potion of attraction
 s - a potion of cancellation {unknown}
 w - a potion of mutation {unknown}
 z - a potion of experience {unknown}
 B - a potion of lignification {unknown}


   Skills:
 - Level 1.7 Fighting
 * Level 9.7 Ranged Weapons
 + Level 6.5 Dodging
 - Level 0.8 Stealth


You had 7 spell levels left.
You didn't know any spells.
Your spell library contained the following spells:

 Spells                   Type           Power      Damage    Failure   Level
 Freeze                   Ice            0%         1d3       41%         1
 Magic Dart               Conj           0%         1d3       41%         1
 Call Imp                 Summ           0%         N/A       56%         2
 Cigotuvi's Dreadful Rot  Necr/Pois/Air  0%         N/A       56%         2
 Frozen Ramparts          Ice            0%         1d1       80%         3
 Gell's Gravitas          Tloc           0%         N/A       80%         3
 Hailstorm                Conj/Ice       0%         3d3       80%         3
 Ignite Poison            Fire/Tmut/Pois 0%         N/A       80%         3
 Kindle Blastsparks       Fire/Tloc/Air  0%         2d10      80%         3
 Lesser Beckoning         Tloc           0%         N/A       80%         3
 Mephitic Cloud           Conj/Pois/Air  0%         N/A       80%         3
 Teleport Other           Tloc           0%         N/A       80%         3
 Dispel Undead            Necr           0%         3d6       99%         4
 Freezing Cloud           Conj/Ice/Air   0%         6-21      100%        5
 Death Channel            Necr           0%         N/A       100%        6


Dungeon Overview and Level Annotations

Branches:
Dungeon (6/15)             Temple (0/1) D:5

Annotations:
D:6 5 runed translucent doors, Crazy Yiuf


Innate Abilities, Weirdness & Mutations

You have an increased reservoir of magic. (+10% MP)
You shall have no god before yourself.
Your divine heritage dramatically boosts your attributes as you level up.


Message History

The scorpion closely misses you. The scorpion misses you.
You shoot an arrow.
The arrow hits the scorpion but does no damage.
The scorpion is almost dead.
The scorpion misses you.
You shoot an arrow. The arrow hits the scorpion.
The scorpion is almost dead.
The scorpion barely misses you.
You shoot an arrow. The arrow hits the scorpion.
You kill the scorpion!
You start resting.
An orc warrior is nearby!
An orc warrior is nearby!
You shoot an arrow.
The arrow closely misses the orc warrior.
The orc warrior shouts!
You shoot an arrow.
The arrow hits the orc warrior but does no damage.
You shoot an arrow.
The arrow closely misses the orc warrior.
You shoot an arrow. The arrow hits the orc warrior.
The orc warrior is lightly wounded.
The orc warrior hits you with a +0 long sword!
Okay, then.
As you read the scroll of fear, it crumbles to dust.
You assume a fearsome visage.
The orc warrior easily resists.
The orc warrior closely misses you.
Okay, then.
As you read the scroll of teleportation, it crumbles to dust.
You feel strangely unstable.
The orc warrior hits you with a +0 long sword!
* * * LOW HITPOINT WARNING * * *
Found a scroll of enchant armour.
Things that are here:
a +0 dagger; a +0 robe The orc warrior attacks as you move away!
The orc warrior misses you.
The orc warrior attacks as you move away!
The orc warrior hits you with a +0 long sword!
You die...

##...#######..... ..
#.......#.......# ##.##
#.....).)....#...
.....###....#########...
.......#...## ####
...§≈...#..#
#..≈≈...#..# #####
#?....(.o#.# ####...##
.....).@.#.# ##..<....##
.._..##....# #..#####..#
.... #..### #.## ##.. ..
...# #.# ##. ...## #.#
## ...# #.###### ##
...## #......###. .##
#.......... #...#......


You could see an orc warrior.

Vanquished Creatures
  Pikel (D:4)
  2 ice beasts (D:5)
  An ogre (D:5)
  A centaur (D:5)
  2 black bears
  3 lemures (D:4)
  A phantom (D:4)
  A gnoll sergeant (D:6)
  A necrophage (D:6)
  4 scorpions
  2 jellies
  A hound (D:5)
  2 orc priests (D:6)
  Ijyb (D:4)
  An iguana (D:4)
  7 orc wizards
  11 adders
  A gnoll (D:6)
  2 shadow imps
  A white imp (D:6)
  6 ufetubi
  3 dart slugs (D:4)
  7 orcs
  7 endoplasms
  2 giant cockroaches (D:2)
  9 goblins
  8 hobgoblins
  5 jackals
  7 kobolds
  3 quokkas
  5 ball pythons
  8 bats
  A frilled lizard (D:1)
  9 rats
126 creatures vanquished.

Notes
Turn   | Place    | Note
-------+----------+-------------------------------------------
     0 | D:1      | KennySheep the Demigod Hunter began the quest for the Orb.
     0 | D:1      | Reached XP level 1. HP: 17/17 MP: 3/3
     3 | D:1      | Noticed an electric eel
     4 | D:1      | Noticed an electric eel
   143 | D:1      | Reached XP level 2. HP: 18/24 MP: 4/4
   146 | D:1      | Reached skill level 4 in Ranged Weapons
  1193 | D:2      | Reached XP level 3. HP: 6/29 MP: 5/5
  1867 | D:3      | Reached XP level 4. HP: 36/36 MP: 6/6
  2119 | D:3      | Reached skill level 5 in Ranged Weapons
  2362 | D:4      | Noticed Ijyb
  2373 | D:4      | Killed Ijyb
  2374 | D:4      | Reached XP level 5. HP: 23/41 MP: 7/7
  2911 | D:4      | Noticed Pikel
  3240 | D:4      | Reached skill level 6 in Ranged Weapons
  3526 | D:4      | Killed Pikel
  3527 | D:4      | Reached skill level 7 in Ranged Weapons
  3527 | D:4      | Reached XP level 6. HP: 10/48 MP: 8/8
  3527 | D:4      | Reached XP level 7. HP: 11/53 MP: 9/9
  3824 | D:5      | Entered Level 5 of the Dungeon
  3858 | D:5      | Reached skill level 5 in Dodging
  3969 | D:5      | Reached skill level 8 in Ranged Weapons
  4309 | D:5      | Found a staircase to the Ecumenical Temple.
  4320 | D:5      | Reached XP level 8. HP: 59/60 MP: 10/10
  4823 | D:6      | Reached skill level 9 in Ranged Weapons
  4894 | D:6      | Found the +9 staff of Olgreb {rPois∞}
  4904 | D:6      | Found a runed translucent door.
  4981 | D:6      | Found a runed translucent gate.
  4981 | D:6      | Found a runed translucent gate.
  4993 | D:6      | Found a runed translucent gate.
  6011 | D:6      | Found a runed translucent door.
  6012 | D:6      | Noticed Crazy Yiuf
  6207 | D:6      | Slain by an orc warrior

Illustrated notes

Levels and vault maps discovered:
D:1:      arrival_aquarium_b, layout_loops_corners,
          shapermc_ecumenical_altar_petra
D:2:      layout_loops_ring, minmay_misc_feat_rugged, corexii_shack,
          kennysheep_potato
D:3:      layout_basic
D:4:      layout_cave_pods, uniq_ijyb, uniq_pikel
D:5:      layout_basic, xom_teletrap_fun, minmay_temple_entry_waves
D:6:      layout_layer_cave, nicolae_wu_jian_wuxing_cycle, serial_glass,
          glass_columns_a, glass_columns_a, glass_columns_a, glass_columns_a,
          glass_columns_a, glass_columns_b, st_stairs_6,
          minmay_guarded_unrand_staff_of_olgreb, uniq_crazy_yiuf_cottage

Skill      XL: |  1  2  3  4  5  6  7  8 |
---------------+-------------------------+-----
Dodging        | 2 3 4 5 6 |  6.5
Ranged Weapons | 4 5 7 8 9 |  9.7
Fighting       | |  1.7
Stealth        | |  0.8

Action                   |  1- 3 |  4- 6 |  7- 9 || total
-------------------------+-------+-------+-------++-------
Melee: Shortbow          |       |       |     5 ||     5
 Fire: Shortbow          |   109 |   171 |   233 ||   513
  Use: Scroll            |     2 |     5 |     6 ||    13
       Potion            |       |     6 |     2 ||     8
Armor: Leather armour    |     9 |    12 |    38 ||    59
Dodge: Dodged            |    52 |    61 |   129 ||   242

Table legend: (Time is in decaauts)
 A = Elapsed time spent in this place.
 B = Non-inter-level travel time spent in this place.
 C = Inter-level travel time spent in this place.
 D = Time resting spent in this place.
 E = Time spent auto-exploring this place.
 F = Levels seen in this place.
 G = Mean time per level.
                   A        B        C        D        E       F      G
               +--------+--------+--------+--------+--------+-----+--------+
         Total |   6314 |   6211 |    103 |    880 |   4167 |   6 | 1052.3 |
       Dungeon |   6314 |   6211 |    103 |    880 |   4167 |   6 | 1052.3 |
               +--------+--------+--------+--------+--------+-----+--------+

Top non-repeatable levels by time:
     D:4: 1514 daAuts
     D:6: 1423 daAuts
     D:5: 984 daAuts
     D:1: 969 daAuts
     D:2: 870 daAuts
     D:3: 552 daAuts
